 Dungeon Crawl Stone Soup version 0.31-a0-162-gc4c5a43528 (webtiles) character file.

Game seed: 1536716844600403048

18496 qw the Blocker (level 12, -2/75 HPs)
             Began as a Gargoyle Fighter on June 12, 2023.
             Was an Elder of Okawaru.
             Killed from afar by an oklob plant (11 damage)
             ... with a splash of acid
             ... on level 3 of the Lair of Beasts.
             The game lasted 00:04:48 (9938 turns).

qw the Blocker (Gargoyle Fighter)                   Turns: 9938, Time: 00:04:49

Health: -2/75      AC: 30    Str: 26    XL:     12   Next: 59%
Magic:  18/19      EV:  8    Int: 10    God:    Okawaru [****..]
Gold:   402        SH: 21    Dex:  9    Spells: 11/11 levels left

rFire   . . .        q - +7 hand axe of qw's Evisceration {spect, rPois Str+2}
rCold   . . .        b - +2 tower shield
rNeg    + . .        o - +0 plate armour
rPois   inf          u - +2 hat
rElec   +            t - +1 cloak
rCorr   .            f - +0 pair of gloves
SInv    .            (no boots)
Will    .....        (no amulet) Stlth
                     c - +4 ring of protection
HPRegen 0.32/turn    (no ring)
MPRegen 0.16/turn

%: no passive effects
@: heroic, corroded
A: sickness immunity, AC +8, negative energy resistance 1, electricity
resistance, torment resistance 1, petrification resistance
a: Renounce Religion, Heroism, Finesse


You were on level 3 of the Lair of Beasts.
You worshipped Okawaru.
Okawaru was greatly pleased with you.
You visited 3 branches of the dungeon, and saw 12 of its levels.

You collected 586 gold pieces.
You spent 184 gold pieces at shops.


Innate Abilities, Weirdness & Mutations

You are immune to sickness and miasma.
Your stone body is resilient. (AC +8)
You are immune to poison.
You resist negative energy. (rN+)
You are resistant to electric shocks. (rElec)
You are resistant to unholy torment.
You are immune to petrification.


   Skills:
 - Level 8.3(13.3) Fighting
 + Level 10.3(15.3) Axes
 - Level 1.8(6.8) Throwing
 - Level 7.0(12.0) Armour
 - Level 1.0(6.0) Dodging
 - Level 13.0(18.0) Shields
 + Level 9.7 Invocations


You had 11 spell levels left.
You didn't know any spells.
Your spell library was empty.

Inventory:

Hand Weapons
 p - a +1 war axe
 q - the +7 hand axe of qw's Evisceration (weapon) {spect, rPois Str+2}
   (You took it off a kobold on level 6 of the Dungeon)

   Str:       It affects your strength (+2).
   rPois:     It protects you from poison.
 s - a +1 flail of protection
Missiles
 l - 5 boomerangs (quivered)
Armour
 b - a +2 tower shield (worn)
 f - a +0 pair of gloves (worn)
 o - a +0 plate armour (worn)
 t - a +1 cloak (worn)
 u - a +2 hat (worn)
Jewellery
 c - a +4 ring of protection (left hand)
Scrolls
 j - 2 scrolls of identify
 n - a scroll of enchant weapon
Potions
 d - 2 potions of might
 e - a potion of mutation
 g - 3 potions of haste
 h - 2 potions of resistance
 i - a potion of cancellation
 m - a potion of lignification {unknown}
 r - a potion of attraction
 v - a potion of curing

Dungeon Overview and Level Annotations

Branches:
Dungeon (8/15)             Temple (1/1) D:5            Lair (3/5) D:8
  Swamp: Lair:2-3    Shoals: Lair:2-3     Snake: Lair:2-3    Spider: Lair:2-3

Altars:
Ashenzari
Cheibriados
Dithmenos
Elyvilon
Fedhas
Gozag
Hepliaklqana
Kikubaaqudgha
Makhleb
Nemelex Xobeh
Okawaru
Qazlal
Ru
Sif Muna
Trog
Vehumet
Xom
Yredelemnul
Zin
The Shining One

Shops:
D:2 =   D:7 [

Annotations:
D:3 1 runed translucent door, Crazy Yiuf


Message History

Enter note:
Enter note:
Enter note:
Enter note:
Enter note:
Enter note:
Enter note:
Enter note:
Enter note:
Enter note:
Enter note:
Enter note:
Enter note:
Enter note:
Enter note:
Enter note:
Enter note: You hit the bush.
The bush is almost destroyed.
Your +7 hand axe of qw's Evisceration {spect, rPois Str+2} hits the bush but does no damage. x3
Your +7 hand axe of qw's Evisceration {spect, rPois Str+2} hits the oklob plant.
Your +7 hand axe of qw's Evisceration {spect, rPois Str+2} hits the bush but does no damage.
Your +7 hand axe of qw's Evisceration {spect, rPois Str+2} hits the bush.
Your +7 hand axe of qw's Evisceration {spect, rPois Str+2} hits the oklob plant but does no damage.
Your +7 hand axe of qw's Evisceration {spect, rPois Str+2} completely misses the bush.
Your +7 hand axe of qw's Evisceration {spect, rPois Str+2} hits the bush but does no damage.
Your +7 hand axe of qw's Evisceration {spect, rPois Str+2} hits the bush!
Your +7 hand axe of qw's Evisceration {spect, rPois Str+2} hits the bush but does no damage.
Your +7 hand axe of qw's Evisceration {spect, rPois Str+2} hits the bush.
Your +7 hand axe of qw's Evisceration {spect, rPois Str+2} hits the bush but does no damage. x2
Your +7 hand axe of qw's Evisceration {spect, rPois Str+2} hits the oklob plant!
The oklob plant spits acid at you. The splash of acid hits you!
You slash the bush!
You destroy the bush!
Your +7 hand axe of qw's Evisceration {spect, rPois Str+2} disappears.
Found a scroll of teleportation.
The oklob plant spits acid at you. The splash of acid hits you!
You die...

.(............... ......
......... #..... .?..... ##....
........ .#... ....... ##.#.
....... ............# ##..
.....#. #............ #... ....##
# #..........# ##.. #..##
#.#.PPP.P#..### ##... ..##
#.[PPP=##....# ##.... .##
#.P.@%.....# #..... #### .#
#..).......## ###### ##.# ..##
##..........# #P.. #..## ...
#..........# #... ....##..##
##.........# ##.. .....##..##
#.........## #..
.........P####........## #..
.........##.##.........########..
...........####......P###P.......


You could see an oklob plant.

Vanquished Creatures
  2 hydras (Lair:3)
  A catoblepas (Lair:3)
  4 death yaks (Lair:3)
  2 skysharks (Lair:2)
  Pikel (D:7)
  An elephant (D:8)
  A black mamba (Lair:2)
  5 cane toads
  Joseph (D:8)
  3 komodo dragons
  2 kobold demonologists (D:7)
  A wind drake (Lair:3)
  5 dream sheep (Lair:1)
  4 blink frogs (Lair:1)
  Sigmund (D:3)
  A basilisk (Lair:1)
  16 yaks
  2 wyverns
  2 steam dragons
  An acid dragon (D:8)
  8 water moccasins
  3 black bears
  An ice beast (D:7)
  A sky beast (D:7)
  4 ogres
  2 centaurs
  A phantom (D:6)
  2 lemures
  4 kobold brigands
  A gnoll sergeant (D:5)
  7 bullfrogs
  4 scorpions
  10 killer bees (D:7)
  A jelly (D:6)
  2 hounds (D:6)
  5 orc priests
  Ijyb (D:3)
  An iguana (D:4)
  Jessica (D:3)
  2 sleepcaps
  3 orc wizards
  A mummy (D:6)
  7 gnolls
  11 adders
  2 white imps (D:6)
  4 worms
  22 orcs
  3 ball pythons
  4 endoplasms
  A giant cockroach (D:1)
  14 goblins
  4 hobgoblins
  13 kobolds
  8 quokkas
  4 bats
  A frilled lizard (D:1)
  2 hobgoblin zombies (D:6)
  4 rats
  A spectral hobgoblin (D:1)
226 creatures vanquished.

Vanquished Creatures (others)
  2 spectral weapons (Lair:3)
2 creatures vanquished.

Grand Total: 228 creatures vanquished

Notes
Turn   | Place    | Note
-------+----------+-------------------------------------------
     0 | D:1      | qw the Gargoyle Fighter began the quest for the Orb.
     0 | D:1      | Reached XP level 1. HP: 14/14 MP: 1/1
     0 | D:1      | 0 ||| qw: Version: 0.2-a-29-gc1b59c4
     0 | D:1      | 0 ||| qw: Game counter: 4324
     0 | D:1      | 0 ||| qw: Always use a shield: true
     0 | D:1      | 0 ||| qw: God list: Okawaru
     0 | D:1      | 0 ||| qw: Allow faded altars: false
     0 | D:1      | 0 ||| qw: Do Orc after D:15 true
     0 | D:1      | 0 ||| qw: Do second Lair branch before Depths: true
     0 | D:1      | 0 ||| qw: Lair rune preference: random
     0 | D:1      | 0 ||| qw: Plans: Normal, Zot:1-4, Slime:5, God:TSO, Crypt,
                  | Tomb, Abyss, Pan, Hells, Win
     0 | D:1      | 0 ||| PLANNING D:1-11
    55 | D:1      | Found a faded altar of an unknown god.
   306 | D:1      | Reached XP level 2. HP: 19/19 MP: 2/2
   528 | D:1      | HP: 1/19 [gnoll/+0 club (4)]
   792 | D:1      | Reached skill level 3 in Axes
   835 | D:1      | 835 ||| UPGRADING to +0 pair of gloves.
   840 | D:1      | 840 ||| READING scroll labelled DYWYVYNNITZ.
   841 | D:1      | 841 ||| READING scroll labelled LADOFEI ESEL.
   908 | D:2      | Reached XP level 3. HP: 23/23 MP: 3/3
   928 | D:2      | 928 ||| DROPPING +0 club.
  1096 | D:2      | Found Zivvid's Jewellery Boutique.
  1105 | D:2      | 1105 ||| SHOPLISTING +6 ring of dexterity (432 gold, have
                  | 91).
  1105 | D:2      | 1105 ||| SHOPLISTING amulet of regeneration (360 gold, have
                  | 91).
  1105 | D:2      | 1105 ||| SHOPLISTING ring "Byimaib" {Fly rPois rC+ Slay-5
                  | Stlth+} (240 gold, have 91).
  1105 | D:2      | 1105 ||| SHOPLISTING ring of fire (300 gold, have 91).
  1105 | D:2      | 1105 ||| SHOPLISTING ring of ice (300 gold, have 91).
  1105 | D:2      | 1105 ||| SHOPLISTING ring of resist corrosion (240 gold,
                  | have 91).
  1179 | D:2      | Reached XP level 4. HP: 28/28 MP: 4/4
  1486 | D:3      | Noticed Jessica
  1489 | D:3      | Killed Jessica
  1593 | D:3      | Noticed Sigmund
  1602 | D:3      | HP: 2/28 [Sigmund/puff of flame (7)]
  1603 | D:3      | Killed Sigmund
  1604 | D:3      | Reached XP level 5. HP: 3/32 MP: 5/5
  1604 | D:3      | Reached XP level 6. HP: 4/37 MP: 6/6
  2155 | D:3      | Noticed Ijyb
  2172 | D:3      | Killed Ijyb
  2242 | D:3      | 2242 ||| Stepping ~*~*~tactically~*~*~ (stealth).
  2257 | D:3      | Reached skill level 1 in Dodging
  2539 | D:3      | Found a runed translucent door.
  2540 | D:3      | Noticed Crazy Yiuf
  2543 | D:3      | 2543 ||| UPGRADING to +0 cloak.
  2548 | D:3      | 2548 ||| READING 2 scrolls labelled XASOAN YXZA.
  2611 | D:3      | 2611 ||| READING scroll labelled LOOMNETOJAIT.
  2612 | D:3      | 2612 ||| DRINKING 2 white potions.
  2613 | D:3      | 2613 ||| READING 2 scrolls of identify.
  2613 | D:3      | 2613 ||| IDENTIFYING metallic ruby potion
  2730 | D:4      | 2730 ||| Stepping ~*~*~tactically~*~*~ (hiding).
  2799 | D:4      | Reached skill level 6 in Axes
  2799 | D:4      | Reached XP level 7. HP: 43/44 MP: 7/7
  2904 | D:4      | 2904 ||| DROPPING +0 whip.
  3387 | D:4      | 3387 ||| Stepping ~*~*~tactically~*~*~ (stealth).
  3389 | D:4      | 3389 ||| Stepping ~*~*~tactically~*~*~ (hiding).
  3391 | D:4      | 3391 ||| Stepping ~*~*~tactically~*~*~ (hiding).
  3667 | D:4      | 3667 ||| UPGRADING to +0 plate armour.
  3677 | D:4      | 3677 ||| DROPPING +0 scale mail.
  3678 | D:4      | 3678 ||| DRINKING 2 lumpy purple potions.
  3679 | D:4      | 3679 ||| DROPPING potion of brilliance.
  3723 | D:5      | Entered Level 5 of the Dungeon
  3725 | D:5      | 3725 ||| STAIRDANCE
  3770 | D:5      | 3770 ||| STAIRDANCE
  3810 | D:5      | Reached XP level 8. HP: 38/49 MP: 8/8
  3854 | D:5      | Identified the +1 robe of the Valley {rN+ Str+3 Dex-4 SInv}
  3871 | D:5      | Reached skill level 1 in Throwing
  4094 | D:5      | 4094 ||| Stepping ~*~*~tactically~*~*~ (hiding).
  4095 | D:5      | 4095 ||| Stepping ~*~*~tactically~*~*~ (hiding).
  4096 | D:5      | 4096 ||| Stepping ~*~*~tactically~*~*~ (hiding).
  4097 | D:5      | 4097 ||| Stepping ~*~*~tactically~*~*~ (hiding).
  4137 | D:5      | Found a staircase to the Ecumenical Temple.
  4138 | D:5      | 4138 ||| PLANNING TEMPLE
  4138 | D:5      | 4138 ||| DRINKING 2 bubbling amethyst potions.
  4139 | D:5      | 4139 ||| DROPPING potion of degeneration.
  4148 | Temple   | Entered the Ecumenical Temple
  4458 | Temple   | 4458 ||| PLANNING OKAWARU WORSHIP
  4601 | Temple   | Became a worshipper of Warmaster Okawaru
  4601 | Temple   | 4601 ||| PLANNING D:1-11
  4654 | D:5      | 4654 ||| Stepping ~*~*~tactically~*~*~ (stealth).
  4659 | D:5      | 4659 ||| DRINKING 2 potions of curing.
  4659 | D:5      | 4659 ||| (to cure confusion)
  4665 | D:5      | 4665 ||| DRINKING potion of curing.
  4665 | D:5      | 4665 ||| (to cure confusion)
  4722 | D:5      | 4722 ||| DROPPING +0 mace.
  4968 | D:5      | 4968 ||| Stepping ~*~*~tactically~*~*~ (hiding).
  5314 | D:5      | 5314 ||| UPGRADING to +2 tower shield.
  5324 | D:5      | 5324 ||| DROPPING +0 buckler.
  5372 | D:6      | 5372 ||| PLANNING OSSUARY
  5483 | D:6      | 5483 ||| Stepping ~*~*~tactically~*~*~ (hiding).
  5590 | D:6      | Reached skill level 4 in Shields
  5733 | D:6      | Reached skill level 5 in Shields
  5806 | D:6      | 5806 ||| Stepping ~*~*~tactically~*~*~ (hiding).
  5811 | D:6      | Reached XP level 9. HP: 54/54 MP: 9/9
  5819 | D:6      | Identified the +7 hand axe of qw's Evisceration {spect,
                  | rPois Str+2}
  5820 | D:6      | Reached * piety under Okawaru
  5821 | D:6      | Reached skill level 6 in Shields
  5831 | D:6      | 5831 ||| SWAPPING to +7 hand axe of qw's Evisceration
                  | {spect, rPois Str+2}.
  5833 | D:6      | 5833 ||| Stepping ~*~*~tactically~*~*~ (hiding).
  5840 | D:6      | 5840 ||| INVOKING Heroism.
  5848 | D:6      | 5848 ||| Stepping ~*~*~tactically~*~*~ (stealth).
  5876 | D:6      | 5876 ||| DROPPING +0 flail.
  5968 | D:6      | 5968 ||| RIP OSSUARY
  5979 | D:6      | 5979 ||| PLANNING D:1-11
  6035 | D:6      | 6035 ||| Stepping ~*~*~tactically~*~*~ (hiding).
  6276 | D:6      | 6276 ||| UPGRADING to +4 ring of protection.
  6277 | D:6      | 6277 ||| READING scroll labelled ULISTR UPLIXZU.
  6278 | D:6      | 6278 ||| READING 2 scrolls of identify.
  6278 | D:6      | 6278 ||| IDENTIFYING golden potion
  6303 | D:7      | 6303 ||| Stepping ~*~*~tactically~*~*~ (hiding).
  6307 | D:7      | Noticed a kobold demonologist
  6314 | D:7      | Reached skill level 7 in Shields
  6316 | D:7      | Killed a kobold demonologist
  6317 | D:7      | Noticed a kobold demonologist
  6319 | D:7      | 6319 ||| INVOKING Heroism.
  6338 | D:7      | 6338 ||| INVOKING Heroism.
  6339 | D:7      | Killed a kobold demonologist
  6340 | D:7      | Reached skill level 8 in Shields
  6340 | D:7      | Reached skill level 3 in Invocations
  6355 | D:7      | 6355 ||| Stepping ~*~*~tactically~*~*~ (stealth).
  6375 | D:7      | 6375 ||| Stepping ~*~*~tactically~*~*~ (hiding).
  6497 | D:7      | 6497 ||| Stepping ~*~*~tactically~*~*~ (hiding).
  6498 | D:7      | 6498 ||| Stepping ~*~*~tactically~*~*~ (hiding).
  6499 | D:7      | 6499 ||| Stepping ~*~*~tactically~*~*~ (hiding).
  6633 | D:7      | Found Fuic's Armour Shoppe.
  6643 | D:7      | 6643 ||| BUYING +1 cloak (184 gold).
  6643 | D:7      | Bought a +1 cloak for 184 gold pieces
  6643 | D:7      | 6643 ||| SHOPLISTING +2 cloak of Truth {Str+3} (444 gold,
                  | have 130).
  6643 | D:7      | 6643 ||| SHOPLISTING +2 plate armour of cold resistance
                  | (640 gold, have 130).
  6664 | D:7      | Reached skill level 9 in Shields
  6708 | D:7      | 6708 ||| Stepping ~*~*~tactically~*~*~ (hiding).
  6709 | D:7      | 6709 ||| Stepping ~*~*~tactically~*~*~ (hiding).
  6711 | D:7      | 6711 ||| Stepping ~*~*~tactically~*~*~ (hiding).
  6712 | D:7      | 6712 ||| INVOKING Heroism.
  6836 | D:7      | 6836 ||| Stepping ~*~*~tactically~*~*~ (stealth).
  6842 | D:7      | Reached XP level 10. HP: 55/59 MP: 13/13
  6852 | D:7      | Reached skill level 10 in Shields
  6879 | D:7      | 6879 ||| INVOKING Heroism.
  7067 | D:7      | 7067 ||| UPGRADING to +1 cloak.
  7077 | D:7      | 7077 ||| DROPPING +0 cloak.
  7078 | D:7      | 7078 ||| READING scroll labelled EPLOCL QENIR.
  7079 | D:7      | 7079 ||| READING scroll labelled ANTENKILEA.
  7080 | D:7      | 7080 ||| DRINKING 2 cyan potions.
  7081 | D:7      | 7081 ||| READING 2 scrolls of identify.
  7081 | D:7      | 7081 ||| IDENTIFYING bubbling ruby potion
  7091 | D:8      | Noticed Pikel
  7097 | D:8      | 7097 ||| STAIRDANCE
  7099 | D:7      | Killed Pikel
  7099 | D:7      | Reached ** piety under Okawaru
  7100 | D:7      | Reached skill level 11 in Shields
  7134 | D:8      | 7134 ||| INVOKING Heroism.
  7141 | D:8      | 7141 ||| Stepping ~*~*~tactically~*~*~ (cloud).
  7158 | D:8      | Reached skill level 6 in Fighting
  7185 | D:8      | Noticed Joseph
  7187 | D:8      | Noticed an elephant
  7188 | D:8      | 7188 ||| FLEEEEING.
  7189 | D:8      | 7189 ||| FLEEEEING.
  7190 | D:8      | 7190 ||| FLEEEEING.
  7193 | D:8      | 7193 ||| FLEEEEING.
  7194 | D:8      | 7194 ||| FLEEEEING.
  7198 | D:8      | 7198 ||| FLEEEEING.
  7199 | D:8      | 7199 ||| FLEEEEING.
  7202 | D:8      | 7202 ||| FLEEEEING.
  7203 | D:8      | 7203 ||| FLEEEEING.
  7204 | D:8      | 7204 ||| FLEEEEING.
  7205 | D:8      | 7205 ||| FLEEEEING.
  7206 | D:8      | 7206 ||| FLEEEEING.
  7207 | D:8      | 7207 ||| FLEEEEING.
  7208 | D:8      | 7208 ||| FLEEEEING.
  7209 | D:8      | 7209 ||| FLEEEEING.
  7210 | D:8      | 7210 ||| FLEEEEING.
  7211 | D:8      | 7211 ||| STAIRDANCE
  7248 | D:8      | 7248 ||| INVOKING Heroism.
  7251 | D:8      | Killed an elephant
  7256 | D:8      | HP: 5/60 [disintegration (18)]
  7257 | D:8      | 7257 ||| READING 3 scrolls of teleportation.
  7258 | D:8      | 7258 ||| DRINKING potion of heal wounds.
  7267 | D:8      | Killed Joseph
  7268 | D:8      | Reached skill level 9 in Axes
  7280 | D:8      | 7280 ||| FLEEEEING.
  7281 | D:8      | 7281 ||| FLEEEEING.
  7282 | D:8      | 7282 ||| FLEEEEING.
  7283 | D:8      | 7283 ||| FLEEEEING.
  7284 | D:8      | 7284 ||| STAIRDANCE
  7286 | D:7      | 7286 ||| INVOKING Heroism.
  7288 | D:7      | HP: 14/60 [wyvern (11)]
  7289 | D:7      | 7289 ||| READING 2 scrolls of teleportation.
  7469 | D:8      | Reached *** piety under Okawaru
  7483 | D:8      | Reached skill level 12 in Shields
  7499 | D:8      | 7499 ||| Stepping ~*~*~tactically~*~*~ (stealth).
  7502 | D:8      | 7502 ||| Stepping ~*~*~tactically~*~*~ (stealth).
  7504 | D:8      | 7504 ||| Stepping ~*~*~tactically~*~*~ (hiding).
  7505 | D:8      | 7505 ||| Stepping ~*~*~tactically~*~*~ (hiding).
  7517 | D:8      | Reached XP level 11. HP: 64/64 MP: 14/14
  7590 | D:8      | Found a staircase to the Lair.
  7858 | D:8      | Reached skill level 6 in Armour
  7871 | D:8      | 7871 ||| PLANNING LAIR
  7916 | Lair:1   | Entered Level 1 of the Lair of Beasts
  7944 | Lair:1   | 7944 ||| Stepping ~*~*~tactically~*~*~ (stealth).
  7946 | Lair:1   | 7946 ||| INVOKING Heroism.
  7959 | Lair:1   | Reached **** piety under Okawaru
  8070 | Lair:1   | 8070 ||| INVOKING Heroism.
  8071 | Lair:1   | 8071 ||| Stepping ~*~*~tactically~*~*~ (stealth).
  8277 | Lair:1   | 8277 ||| INVOKING Heroism.
  8310 | Lair:1   | 8310 ||| INVOKING Heroism.
  8711 | Lair:1   | 8711 ||| UPGRADING to +2 hat.
  8716 | Lair:1   | 8716 ||| READING scroll labelled KIXOHO MYDD.
  8717 | Lair:1   | 8717 ||| READING 2 scrolls of identify.
  8717 | Lair:1   | 8717 ||| IDENTIFYING black potion
  8759 | Lair:2   | Reached skill level 6 in Invocations
  8791 | Lair:2   | 8791 ||| INVOKING Heroism.
  8821 | Lair:2   | 8821 ||| INVOKING Heroism.
  8861 | Lair:2   | Noticed a skyshark
  8872 | Lair:2   | Killed a skyshark
  8963 | Lair:2   | 8963 ||| INVOKING Heroism.
  8970 | Lair:2   | Reached skill level 13 in Shields
  9090 | Lair:2   | Noticed a skyshark
  9099 | Lair:2   | Killed a skyshark
  9100 | Lair:2   | Reached XP level 12. HP: 67/72 MP: 17/17
  9264 | Lair:2   | 9264 ||| READING scroll labelled FUSOMOFFO ETUY.
  9265 | Lair:2   | 9265 ||| READING 2 scrolls labelled RUVAPO GYAGAY.
  9266 | Lair:2   | 9266 ||| DROPPING scroll of fog.
  9359 | Lair:3   | Noticed a death yak
  9360 | Lair:3   | Noticed a death yak
  9360 | Lair:3   | 9360 ||| Stepping ~*~*~tactically~*~*~ (stealth).
  9362 | Lair:3   | 9362 ||| INVOKING Heroism.
  9362 | Lair:3   | Noticed a death yak
  9363 | Lair:3   | 9363 ||| Stepping ~*~*~tactically~*~*~ (stealth).
  9365 | Lair:3   | Noticed a death yak
  9366 | Lair:3   | 9366 ||| Stepping ~*~*~tactically~*~*~ (stealth).
  9385 | Lair:3   | Killed a death yak
  9386 | Lair:3   | 9386 ||| INVOKING Heroism.
  9390 | Lair:3   | Killed a death yak
  9390 | Lair:3   | Killed a death yak
  9393 | Lair:3   | HP: 12/75 [death yak (14)]
  9394 | Lair:3   | 9394 ||| READING scroll of teleportation.
  9395 | Lair:3   | 9395 ||| DRINKING 2 potions of heal wounds.
  9405 | Lair:3   | Killed a death yak
  9543 | Lair:3   | 9543 ||| Stepping ~*~*~tactically~*~*~ (hiding).
  9544 | Lair:3   | 9544 ||| Stepping ~*~*~tactically~*~*~ (hiding).
  9646 | Lair:3   | Noticed a five-headed hydra
  9647 | Lair:3   | 9647 ||| INVOKING Heroism.
  9649 | Lair:3   | 9649 ||| Stepping ~*~*~tactically~*~*~ (stealth).
  9651 | Lair:3   | 9651 ||| SWAPPING to +1 flail of protection.
  9658 | Lair:3   | Killed a five-headed hydra
  9658 | Lair:3   | Received a gift from Okawaru
  9659 | Lair:3   | Reached skill level 9 in Invocations
  9659 | Lair:3   | 9659 ||| SWAPPING to +7 hand axe of qw's Evisceration
                  | {spect, rPois Str+2}.
  9731 | Lair:3   | 9731 ||| DROPPING +0 war axe of freezing.
  9789 | Lair:3   | Noticed a catoblepas
  9790 | Lair:3   | 9790 ||| INVOKING Heroism.
  9799 | Lair:3   | Killed a catoblepas
  9883 | Lair:3   | 9883 ||| INVOKING Heroism.
  9887 | Lair:3   | Noticed a five-headed hydra
  9894 | Lair:3   | 9894 ||| SWAPPING to +1 flail of protection.
  9919 | Lair:3   | Killed a five-headed hydra
  9920 | Lair:3   | 9920 ||| SWAPPING to +7 hand axe of qw's Evisceration
                  | {spect, rPois Str+2}.
  9924 | Lair:3   | HP: 2/75 [oklob plant/splash of acid (20)]
  9925 | Lair:3   | 9925 ||| DRINKING potion of heal wounds.
  9928 | Lair:3   | 9928 ||| INVOKING Heroism.
  9936 | Lair:3   | HP: 8/75 [oklob plant/splash of acid (11)]
  9938 | Lair:3   | Killed from afar by an oklob plant

Levels and vault maps discovered:
D:1:      dpeg_arrival_orchard, layout_loops_corners,
          dreamdust_ecumenical_altar_drowned_temple
D:2:      layout_loops_cross, serial_shops, shop
D:3:      layout_loops_ring, minmay_ogre_servants, uniq_ijyb, uniq_jessica,
          uniq_crazy_yiuf_cottage, uniq_sigmund
D:4:      layout_gridville, minmay_misc_feat_x, minmay_misc_feat_tower
D:5:      layout_basic, minmay_temple_entry_gardened_gates,
          nicolae_nh_ransacked_shop
D:6:      layout_loops_ring, nicolae_ossuary_entry_giza
D:7:      layout_cave_pools, serial_shops, nicolae_shop_just_a_little_nook,
          grunt_ministairs_6, kennysheep_generic_room_7
D:8:      layout_cave_pools, david_lair_generic, chequers_garden, uniq_pikel,
          uniq_joseph
Temple:   mainiacjoe_temple_big_plus
Lair:1:   layout_chaotic_city, small_statue_intersection
Lair:2:   layout_big_grid
Lair:3:   layout_hall_layers, minmay_shoals_entry_beasts,
          nicolae_snake_entry_squirm, minmay_lair_oklob_bushes, minivault_19

Skill      XL: |  1  2  3  4  5  6  7  8  9 10 11 12 |
---------------+-------------------------------------+-----
Axes           | 2 3 5 6 7 9 10 | 10.3
Fighting       | 4 5 6 7 8 |  8.3
Dodging        | 1 |  1.0
Armour         | 4 5 6 7 |  7.0
Throwing       | 1 |  1.8
Shields        | 5 9 12 13 | 13.0
Invocations    | 4 7 9 |  9.7

Action                     |  1- 3 |  4- 6 |  7- 9 | 10-12 || total
---------------------------+-------+-------+-------+-------++-------
  Melee: War axe           |    77 |   110 |   214 |       ||   401
         Hand axe          |       |       |    69 |   258 ||   327
         Flail             |       |       |       |    32 ||    32
  Throw: Boomerang         |       |     6 |    82 |   100 ||   188
 Invoke: Heroism           |       |       |     4 |    17 ||    21
    Use: Scroll            |     2 |     3 |     2 |    10 ||    17
         Potion            |       |     1 |     4 |     4 ||     9
   Stab: Distracted        |       |       |     3 |     6 ||     9
 Armour: Scale mail        |    32 |    48 |    30 |       ||   110
         Plate armour      |       |       |   129 |   121 ||   250
  Dodge: Dodged            |    35 |    30 |    81 |    42 ||   188
  Block: Buckler           |    13 |    16 |    29 |       ||    58
         Tower shield      |       |       |   100 |   228 ||   328

Table legend:
 A = Non-vault XP
 B = Vault XP
 C = Vault XP percentage of total XP
 D = Non-vault monster count
 E = Vault monster count
 F = Vault count percentage of total count
                 A         B        C        D         E       F
            +---------+---------+-------+---------+---------+-------
      Total |   22270 |    4154 |  15.7 |     186 |      38 |  17.0
            +---------+---------+-------+---------+---------+-------
        D:1 |      30 |       1 |   3.2 |      11 |       1 |   8.3
        D:2 |      54 |       0 |   0.0 |      11 |       0 |   0.0
        D:3 |      34 |     453 |  93.0 |      15 |      12 |  44.4
        D:4 |     451 |       0 |   0.0 |      21 |       0 |   0.0
        D:5 |     794 |      90 |  10.2 |      22 |       4 |  15.4
        D:6 |     648 |      20 |   3.0 |      22 |       3 |  12.0
        D:7 |    1416 |    2070 |  59.4 |      21 |      13 |  38.2
        D:8 |    2237 |    1219 |  35.3 |      16 |       4 |  20.0
     Lair:1 |    5318 |       0 |   0.0 |      23 |       0 |   0.0
     Lair:2 |    3874 |       0 |   0.0 |      10 |       0 |   0.0
     Lair:3 |    7414 |     301 |   3.9 |      14 |       1 |   6.7
            +---------+---------+-------+---------+---------+-------
